 Dungeon Crawl Stone Soup version 0.21.1-1-g345015f (webtiles) character file.

32 shakethe the Chopper (level 3, 25/28 HPs)
             Began as a Demonspawn Gladiator on Feb 27, 2018.
             Quit the game on level 2 of the Dungeon.
             The game lasted 00:00:58 (1240 turns).

shakethe the Chopper (Demonspawn Gladiator)         Turns: 1240, Time: 00:00:58

Health: 25/28      AC:  4    Str: 14    XL:     3   Next: 8%
Magic:  3/3        EV: 12    Int: 10    God:
Gold:   42         SH:  0    Dex: 14    Spells: 2/2 levels left

rFire    . . .     SeeInvis .   a - +0 war axe
rCold    . . .     Gourm    .   (no shield)
rNeg     . . .     Faith    .   b - +0 leather armour
rPois    .         Spirit   .   c - +0 helmet
rElec    .         Reflect  .   (no cloak)
rCorr    .         Harm     .   (no gloves)
MR       .....                  (no boots)
Stlth    ++........             (no amulet)
HPRegen  0.09/turn              (no ring)
MPRegen  0.08/turn              (no ring)

@: no status effects
A: nightstalker 1, powered by pain 1
a: no special abilities


You were on level 2 of the Dungeon.
You were not hungry.

You visited 1 branch of the dungeon, and saw 2 of its levels.

You collected 42 gold pieces.

Inventory:

Hand Weapons
 a - a +0 war axe (weapon)
Missiles
 d - 3 throwing nets {=f, !d}
Armour
 b - a +0 leather armour (worn)
 c - a +0 helmet (worn)
Magical Staves
 n - an uncursed staff of death {unknown}
   (You found it on level 2 of the Dungeon)
Scrolls
 e - a scroll of enchant armour {unknown}
 j - 2 scrolls of identify {unknown}
 k - a scroll of remove curse {unknown}
 m - a scroll of blinking {unknown}
Potions
 g - a potion of brilliance {unknown}
 h - 2 potions of lignification {unknown}
 i - a potion of magic {unknown}
 l - 2 potions of cancellation {unknown}
Comestibles
 f - 4 rations


   Skills:
 + Level 2.6 Fighting
 * Level 3.5 Axes
 - Level 1.7 Throwing
 - Level 2.6 Dodging


You had 2 spell levels left.
You didn't know any spells.

Dungeon Overview and Level Annotations

Branches:
Dungeon (2/15)

Altars:


Innate Abilities, Weirdness & Mutations

You are slightly more attuned to the shadows.
You sometimes gain a little power by taking damage.


Message History

No target in view!
No target in view!
No target in view!
No target in view!
l - an amethyst potion No target in view!
No target in view!
No target in view!
No target in view!
No target in view!
You see here a short sword.
You see here a club.
You see here a leather armour.
You butcher the hobgoblin corpse.
m - a chunk of flesh {@w0@w0} Eating a chunk of flesh {@w0@w0}.
You eat the chunk of flesh {@w0@w0}.
You now have 37 gold pieces (gained 8).
h - 2 fuming amethyst potions (gained 1) Done exploring.
Health restored: 23 No target in view!
Done exploring.
Done exploring.
Done exploring.
No target in view!
No target in view!
No target in view!
No target in view!
No target in view!
No target in view!
Done exploring.
Done exploring.
Done exploring.
(D) Dungeon
Where to? (? - help)
There is a stone staircase leading down here.
You climb downwards.
Found a ration and 16 stones.
Found a stone staircase leading down.
There is a stone staircase leading up here.
f - 3 rations (gained 1)
You now have 42 gold pieces (gained 5).
f - 4 rations (gained 1)
A kobold comes into view.
Found an orange potion.
Found an escape hatch in the ceiling.
The kobold shouts!
The kobold closely misses you.
You barely miss the kobold. The kobold barely misses you.
You completely miss the kobold. The kobold hits you.
You take 1 damage, and have 22/23 hp.
You closely miss the kobold. The kobold closely misses you.
The kobold barely misses you.
You barely miss the kobold. The kobold hits you but does no damage.
You closely miss the kobold. The kobold hits you but does no damage.
You slash the kobold!
You kill the kobold!
Health restored: 23 No target in view!
No target in view!
No target in view!
No target in view!
No target in view!
No target in view!
No target in view!
No target in view!
No target in view!
You see here a kobold corpse.
m - a scroll labeled GAQYOM SASO No target in view!
No target in view!
No target in view!
No target in view!
No target in view!
No target in view!
No target in view!
No target in view!
No target in view!
An adder and a kobold come into view.
The adder hisses angrily.
You slash the adder! The adder bites you but does no damage.
Your leather armour prevents you from hitting the adder.
The adder bites you. x2
You take 4 damage, and have 19/23 hp.
You slash the adder!
You kill the adder!
You have reached level 3!
Your experience leads to an increase in your attributes!
Increase (S)trength, (I)ntelligence, or (D)exterity?
You feel clever.
Your demonic ancestry asserts itself...
You slip into the darkness of the dungeon.
You hit the kobold.
You kill the kobold!
You regained 4 hp, and now have 23/28 hp.
MP restored: 3 You see here 2 stones.
n - a crooked runed staff
l - 2 amethyst potions (gained 1)
You see here 2 stones.
Quiver which item? (- for none, * to show all) (? for menu, Esc to quit)
Okay, then.
Okay, then.

#...............#.# #
#.............#.#.##.#
########.###.........#
####.# #####..##.#
#....#######..#####
#<.....(....<>....#
#........########.#
########†...............
#...............@.........#
#......................((.#
#..[.............!........#
#.........#####...........+
#.........# #†(.........#
#(........# #...........#
#.........# #...........#
#.........# #...........#
#.........# #...........#


There were no monsters in sight!

Vanquished Creatures
  An adder (D:2)
  A dart slug (D:1)
  A leopard gecko (D:1)
  2 bats (D:1)
  A giant cockroach (D:1)
  5 hobgoblins (D:1)
  2 frilled lizards (D:1)
  2 goblins (D:1)
  3 kobolds
  A rat (D:1)
19 creatures vanquished.

Notes
Turn   | Place    | Note
-------+----------+-------------------------------------------
     0 | D:1      | shakethe the Demonspawn Gladiator began the quest for the Orb.
     0 | D:1      | Reached XP level 1. HP: 16/16 MP: 1/1
   270 | D:1      | Reached skill level 3 in Axes
   493 | D:1      | Gained mutation: You sometimes gain a little power by taking damage. [demonic ancestry]
   493 | D:1      | Reached XP level 2. HP: 22/22 MP: 2/2
  1219 | D:2      | Gained mutation: You are slightly more attuned to the shadows. [demonic ancestry]
  1219 | D:2      | Reached XP level 3. HP: 23/28 MP: 3/3
  1240 | D:2      | Quit the game

Skill      XL: |  1 |
---------------+----+-----
Axes           | 3 |  3.5
Fighting       | |  2.6
Throwing       | |  1.7
Dodging        | |  2.6

Action                   || total
-------------------------++-------
Melee: War axe           ||    71
  Eat: Chunk             ||     1
Armor: Leather armour    ||    22
Dodge: Dodged            ||    46

Vault maps used:
D:1:      tarquinn_simple_flora_water_a

Table legend:
 A = Turns spent in this place as a percentage of turns spent in the entire game.
 B = Non-inter-level travel turns spent in this place as a percentage of non-inter-level travel turns spent in the entire game.
 C = Inter-level travel turns spent in this place as a percentage of turns spent in this place.
 D = Turns resting spent in this place as a percentage of non-inter-level travel turns spent in this place.
 E = Turns spent auto-exploring this place as a percentage of non-inter-level travel turns spent in this place.
 F = Non-inter-level travel turns spent in this place divided by the number of levels of this place that you've seen.
                   A       B       C       D       E      F
               +-------+-------+-------+-------+-------+----------------------
         Total | 100.0 | 100.0 |   1.6 |  54.3 |  30.8 | 610.0
       Dungeon | 100.0 | 100.0 |   1.6 |  54.3 |  30.8 | 610.0
               +-------+-------+-------+-------+-------+----------------------

Table legend:
 A = Kills in this place as a percentage of kills in entire the game.
 B = Kills by you in this place as a percentage of kills by you in the entire game.
 C = Kills by friends in this place as a percentage of kills by friends in the entire game.
 D = Other kills in this place as a percentage of other kills in the entire game.
 E = Experience gained in this place as a percentage of experience gained in the entire game.
 F = Experience gained in this place divided by the number of levels of this place that you have seen.
                   A       B       C       D       E      F
               +-------+-------+-------+-------+-------+----------------------
         Total | 100.0 | 100.0 |   N/A |   N/A | 100.0 |  23.0
       Dungeon | 100.0 | 100.0 |   N/A |   N/A | 100.0 |  23.0
               +-------+-------+-------+-------+-------+----------------------
